 Dungeon Crawl Stone Soup version 0.30-a0-723-gc1506a1cf0 (webtiles) character file.

Game seed: 15524057918333662437

128 karrick the Covered (level 5, 0/33 HPs)
             Began as a Gargoyle Fighter on Jan 29, 2023.
             Killed by nerve-wracking pain
             ... invoked by Grinder
              (4 damage)
             ... while paralysed by Grinder
             ... on level 3 of the Dungeon.
             The game lasted 00:02:46 (1993 turns).

karrick the Covered (Gargoyle Fighter)              Turns: 1993, Time: 00:02:47

Health: 0/33       AC: 11    Str: 20    XL:     5   Next: 12%
Magic:  5/5        EV:  2    Int:  8    God:
Gold:   121        SH:  0    Dex: 11    Spells: 4/4 levels left

rFire   . . .      SeeInvis .    a - +0 war axe
rCold   . . .      Faith    .    c - +0 buckler
rNeg    + . .      Spirit   .    b - +0 scale mail
rPois   ∞          Reflect  .    (no helmet)
rElec   +          Harm     .    (no cloak)
rCorr   .          Rampage  .    (no gloves)
Will    .....                    (no boots) Stlth
                                 (no amulet)
HPRegen 0.25/turn                (no ring)
MPRegen 0.09/turn                (no ring)

@: paralysed
A: sickness immunity, AC +4, negative energy resistance 1, electricity
resistance, torment resistance 1, petrification resistance
a: no special abilities


You were on level 3 of the Dungeon.
You visited 1 branch of the dungeon, and saw 3 of its levels.

You collected 121 gold pieces.

Inventory:

Hand Weapons
 a - a +0 war axe (weapon)
Armour
 b - a +0 scale mail (worn)
 c - a +0 buckler (worn)
Jewellery
 n - an amulet of reflection
Scrolls
 f - 2 scrolls of teleportation {unknown}
 g - a scroll of enchant weapon {unknown}
 h - a scroll of brand weapon {unknown}
 i - 2 scrolls of blinking {unknown}
 j - a scroll of fog {unknown}
 m - a scroll of identify {unknown}
 q - a scroll of poison {unknown}
Potions
 e - a potion of haste {unknown}
 k - a potion of flight {unknown}
 l - a potion of heal wounds {unknown}
 o - a potion of invisibility {unknown}
 p - a potion of degeneration {unknown}


   Skills:
 + Level 3.8 Fighting
 + Level 3.4 Axes
 + Level 4.1 Armour
 + Level 0.1 Stealth
 + Level 3.9 Shields


You had 4 spell levels left.
You didn't know any spells.
Your spell library contained the following spells:

 Spells                   Type           Power      Damage    Failure   Level
 Slow                     Hex            0%         N/A       85%         1
 Confusing Touch          Hex            0%         N/A       99%         3
 Vampiric Draining        Necr           0%         2d6       99%         3


Dungeon Overview and Level Annotations

Branches:
Dungeon (3/15)

Altars:

Annotations:
D:3 Grinder


Innate Abilities, Weirdness & Mutations

You are immune to sickness and miasma.
Your stone body is resilient. (AC +4)
You are immune to poison.
You resist negative energy. (rN+)
You are resistant to electric shocks. (rElec)
You are resistant to unholy torment.
You are immune to petrification.


Message History

Grinder hits you.
You writhe in agony.
You are too injured to fight recklessly!
You are too injured to fight recklessly!
You closely miss Grinder.
Grinder is heavily wounded.
Grinder gestures at you.
You suddenly lose the ability to move!
Grinder gestures at you. Pain shoots through your body!
Grinder hits you but does no damage.
You can move again.
You barely miss Grinder.
Grinder is heavily wounded.
Grinder hits you. Grinder hits you but does no damage.
You hit Grinder but do no damage.
Grinder is heavily wounded.
Grinder barely misses you.
Okay, then.
Okay, then.
You slash Grinder!
Grinder is severely wounded.
Grinder gestures at you.
You suddenly lose the ability to move!
Grinder blinks!
You can move again.
Grinder gestures at you. Pain shoots through your body!
* * * LOW HITPOINT WARNING * * *
Grinder hits you but does no damage.
You barely miss Grinder.
Grinder is severely wounded.
Grinder gestures at you.
You suddenly lose the ability to move!
Grinder hits you.
* * * LOW HITPOINT WARNING * * *
You writhe in agony.
* * * LOW HITPOINT WARNING * * *
Grinder hits you but does no damage. Grinder gestures at you.
Pain shoots through your body!
You die...

#..<........ ...
#.5#.......# #. ###
#..#....$..# #. .. .#..
#..#.......## #. .. ....
#..#.......##.#. .# ##..
#..#.......##.#.
.######...
#..#..##........####
##.........# .../...
.........†.###...........
....
..##..5@...........##.##
#.#.######...##.##.# ...
#...##.##.#
#.#.######...##.##.#
....................# .#.
#........#.##.#### . .
...........##.# ##
#.........###.#
.######†## #.#


You could see Grinder.

Vanquished Creatures
  An iguana (D:3)
  5 adders
  A dart slug (D:2)
  An orc (D:3)
  6 ball pythons
  3 endoplasms
  3 giant cockroaches
  A goblin (D:3)
  5 hobgoblins
  5 jackals
  2 quokkas (D:1)
  9 bats
  A frilled lizard (D:3)
  8 kobolds
  4 rats
55 creatures vanquished.

Notes
Turn   | Place    | Note
-------+----------+-------------------------------------------
     0 | D:1      | karrick the Gargoyle Fighter began the quest for the Orb.
     0 | D:1      | Reached XP level 1. HP: 14/14 MP: 1/1
   141 | D:1      | Reached XP level 2. HP: 11/19 MP: 2/2
   397 | D:1      | Reached XP level 3. HP: 23/23 MP: 3/3
  1227 | D:2      | Reached XP level 4. HP: 29/29 MP: 4/4
  1501 | D:2      | Found a faded altar of an unknown god.
  1673 | D:3      | Noticed Grinder
  1679 | D:3      | Paralysed by Grinder for 4 turns
  1895 | D:3      | Reached skill level 4 in Armour
  1979 | D:3      | Reached XP level 5. HP: 19/33 MP: 5/5
  1980 | D:3      | Paralysed by Grinder for 3 turns
  1985 | D:3      | Paralysed by Grinder for 4 turns
  1991 | D:3      | Paralysed by Grinder for 5 turns
  1993 | D:3      | Killed from afar by Grinder

Illustrated notes

Levels and vault maps discovered:
D:1:      minmay_arrival_wavy_path, layout_basic, minmay_tromino_i2
D:2:      layout_basic, dreamdust_ecumenical_altar_hidden_monk_grotto
D:3:      layout_basic, serial_forest, infiniplex_forest_lined_2,
          infiniplex_forest_straight_4, infiniplex_forest_zigzag_1,
          infiniplex_forest_straight_2, infiniplex_forest_lined_ring,
          kennysheep_another_room, minmay_fractal_squares_diagonal_5,
          uniq_grinder

Skill      XL: |  1  2  3  4 |
---------------+-------------+-----
Axes           | 2 3 |  3.4
Armour         | 4 |  4.1
Fighting       | |  3.8
Stealth        | |  0.1
Shields        | |  3.9

Action                     |  1- 3 |  4- 6 || total
---------------------------+-------+-------++-------
  Melee: War axe           |   103 |    66 ||   169
    Use: Potion            |       |     1 ||     1
 Armour: Scale mail        |    79 |    52 ||   131
  Dodge: Dodged            |    66 |    48 ||   114
  Block: Buckler           |    27 |    18 ||    45

Table legend: (Time is in decaauts)
 A = Elapsed time spent in this place.
 B = Non-inter-level travel time spent in this place.
 C = Inter-level travel time spent in this place.
 D = Time resting spent in this place.
 E = Time spent auto-exploring this place.
 F = Levels seen in this place.
 G = Mean time per level.
                   A        B        C        D        E       F      G
               +--------+--------+--------+--------+--------+-----+--------+
         Total |   2061 |   1997 |     64 |      0 |   1594 |   3 |  687.0 |
       Dungeon |   2061 |   1997 |     64 |      0 |   1594 |   3 |  687.0 |
               +--------+--------+--------+--------+--------+-----+--------+

Top non-repeatable levels by time:
     D:2: 1008 daAuts
     D:1: 748 daAuts
     D:3: 305 daAuts
